 Dungeon Crawl Stone Soup version 0.19-a0-1107-gc676ff4 (webtiles) character file.

429 Leszczynek the Shooter (level 6, -11/39 HPs)
             Began as a High Elf Arcane Marksman on Aug 9, 2016.
             Was an Initiate of Yredelemnul.
             Mangled by an ogre
             ... wielding a +0 giant club
              (15 damage)
             ... on level 5 of the Dungeon.
             The game lasted 00:30:29 (5332 turns).

Leszczynek the Shooter (High Elf Arcane Marksman)   Turns: 5332, Time: 00:30:29

Health: -11/39     AC:  6    Str: 11    XL:     6   Next: 66%
Magic:  5/8        EV: 12    Int: 16    God:    Yredelemnul [......]
Gold:   251        SH:  0    Dex: 17    Spells: 2 memorised, 4 levels left

rFire  . . .     SeeInvis .     a - +0 shortbow
rCold  . . .     Gourm    .     g - +0 leather armour
rNeg   . . .     Faith    .     (shield currently unavailable)
rPois  .         Spirit   .     (no helmet)
rElec  .         Dismiss  .     (no cloak)
rCorr  .         Reflect  .     o - +2 pair of gloves
SustAt .         Harm     .     (no boots)
MR     .....                    n - amulet of inaccuracy (curse)
Stlth  ++........               (no ring)
                                (no ring)

@:
A: no striking features
a: Renounce Religion


You were on level 5 of the Dungeon.
You worshipped Yredelemnul.
Yredelemnul was noncommittal.
You were hungry.

You visited 2 branches of the dungeon, and saw 6 of its levels.

You collected 251 gold pieces.

Inventory:

Hand Weapons
 a - a +0 shortbow (weapon)
 b - a +0 short sword
Missiles
 l - 30 arrows (quivered)
Armour
 g - a +0 leather armour (worn)
 o - a +2 pair of gloves (worn)
Jewellery
 n - a cursed amulet of inaccuracy (around neck)
Scrolls
 e - 2 scrolls of immolation
 i - a scroll of enchant armour
Potions
 h - a potion of curing
 j - a potion of haste {unknown}
 k - a potion of brilliance
 m - a potion of magic
Books
 c - a book of Debilitation

   Spells                             Type                      Level
   a - Corona                         Hexes                        1
   b - Slow                           Hexes                        2
   c - Gell's Gravitas                Hexes/Translocation          3
   d - Inner Flame                    Hexes/Fire                   3
   e - Cause Fear                     Hexes                        4
   f - Leda's Liquefaction            Hexes/Earth                  4
Comestibles
 d - 3 chunks of flesh
 f - 2 bread rations


   Skills:
 - Level 2.0 Fighting
 * Level 4.2 Short Blades
 + Level 6.3 Bows
 - Level 2.1 Dodging
 - Level 2.6 Stealth
 - Level 1.2 Spellcasting
 + Level 3.7 Hexes


You had 4 spell levels left.
You knew the following spells:

 Your Spells              Type           Power        Failure   Level  Hunger
a - Corona                Hex            ##.....      8%          1    ##.....
b - Slow                  Hex            ##......     12%         2    ###....


Dungeon Overview and Level Annotations

Branches:
Dungeon (5/15)             Temple (1/1) D:4

Altars:
Ashenzari
Cheibriados
Dithmenos
Elyvilon
Fedhas
Gozag
Hepliaklqana
Kikubaaqudgha
Nemelex Xobeh
Okawaru
Pakellas
Qazlal
Sif Muna
Uskayaw
Vehumet
Xom
Yredelemnul
Zin
The Shining One

Annotations:
D:3 sky beast
D:4 exclusions: orc, troll and 2 more exclusions
D:5 Duvessa


Message History

Press: ? - help, Shift-Dir - straight line, f/p - ogre
Aim: an ogre, wielding a giant club (severely wounded)
You shoot an arrow. The arrow closely misses the ogre.
The ogre hits you with a giant club!
* * * LOW HITPOINT WARNING * * *
Firing (i - inventory):
l - 32 arrows (quivered)
Press: ? - help, Shift-Dir - straight line, f/p - ogre
Aim: an ogre, wielding a giant club (severely wounded)
You shoot an arrow.
The arrow hits the ogre but does no damage.
The ogre is severely wounded.
The ogre completely misses you.
Firing (i - inventory):
l - 31 arrows (quivered)
Press: ? - help, Shift-Dir - straight line, f/p - ogre
Aim: an ogre, wielding a giant club (severely wounded)
You shoot an arrow. The arrow hits the ogre.
The ogre is almost dead.
The ogre hits you with a giant club!
You die...
Your body rises from the dead as a mindless zombie.

.... #.#.# #####.. ... #.#.# ...
.... .... #.#.# .##...
#...###.#.########### .....
#................# ....
##########.##.#.#########.# ...
..............#.# #.#####.# ..
.....#####.#..#.###.......######.
.....#...#'####.@O(..(.(((((.(...
.....#.......##..................
.............##..................
######.......##..........#######.
#.......##..........# #.
#.......############# #.
..>........# .. ...........# ..
........##### .


You could see an ogre.

Vanquished Creatures
  A centaur zombie (D:5)
  3 hounds
  An orc priest (D:5)
  An orc wizard (D:5)
  A giant frog skeleton (D:5)
  An iguana (D:4)
  A worker ant (D:3)
  A hound skeleton (D:4)
  3 gnolls (D:5)
  5 adders
  An adder zombie (D:4)
  2 dart slugs (D:1)
  A giant gecko (D:4)
  11 orcs
  5 bats
  5 giant cockroaches
  9 goblins
  4 hobgoblins
  3 jackals (D:5)
  2 quokkas
  3 ball pythons
  5 giant newts
  9 kobolds
  5 rats
83 creatures vanquished.

Notes
Turn   | Place    | Note
-------+----------+-------------------------------------------
     0 | D:1      | Leszczynek the High Elf Arcane Marksman began the quest for the Orb.
     0 | D:1      | Reached XP level 1. HP: 13/13 MP: 3/3
   225 | D:1      | Reached skill level 3 in Bows
   227 | D:1      | Reached skill level 1 in Stealth
   269 | D:1      | Reached XP level 2. HP: 18/18 MP: 2/4
   319 | D:1      | Learned a level 2 spell: Slow
   655 | D:1      | Reached skill level 2 in Stealth
   771 | D:1      | Reached XP level 3. HP: 17/23 MP: 5/5
  1002 | D:2      | Reached skill level 4 in Bows
  1267 | D:2      | HP: 3/34 [poisoned by an adder]
  1997 | D:3      | 18 EV? what's 18 EV?
  1997 | D:3      | oh, that's right, that's what makes *monsters* untouchable
  1997 | D:3      | not you, silly
  1997 | D:3      | you just get hit 3 times in a row for red poison
  2002 | D:3      | oh and also 3 Slow miscasts
  2002 | D:3      | at 12% chance
  2003 | D:3      | 0.02% chance
  2003 | D:3      | and the 4th is resisted
  2003 | D:3      | so how is this my fault?
  2003 | D:3      | i even trained stealth, i have +++
  2003 | D:3      | i used all my scrolls and potions
  2003 | D:3      | and i'll die in a turn or two, probably, one hit's enough
  2004 | D:3      | HP: 2/23 [worker ant (3)]
  2006 | D:3      | gg
  2006 | D:3      | Reached skill level 1 in Short Blades
  2006 | D:3      | Reached XP level 4. HP: 2/28 MP: 0/6
  2007 | D:3      | pft
  2484 | D:3      | 12% of miscast chance, 18% of resisting
  2484 | D:3      | happens 4 times in a row
  2484 | D:3      | why would you ever rely on hexes? they're so fucking horrible
  2484 | D:3      | why would you ever play a spellcaster in the first place? it's just a pain in the ass
  2484 | D:3      | you know what's the optimal spellcaster playstyle?
  2484 | D:3      | assuming you rely on hexes - always make sure to explore manually
  2484 | D:3      | to make sure you never have blind corners
  2484 | D:3      | explore all 45 or so levels this way, no other choice
  2484 | D:3      | autoexplore? nope, that's not optimal!
  2484 | D:3      | also once you find a monster, cast a hex at most twice and if it doesn't work, immediately run back to stairs
  2484 | D:3      | no exceptions!
  2484 | D:3      | 80% chance is as good as 0% chance!
  2484 | D:3      | it will happen!
  2484 | D:3      | don't be stupid, play optimal!
  2484 | D:3      | fucking bullshit
  2586 | D:3      | Reached skill level 5 in Bows
  2655 | D:3      | i swear these spells don't work half of the time
  2655 | D:3      | at 12/14% failure chance respectively
  2655 | D:3      | well too fucking bad i only have 3 casts available huh
  2655 | D:3      | fuck training hexes, it only takes away from my weapon skills
  2655 | D:3      | i'll train dodging instead
  2655 | D:3      | or fighting maybe
  2655 | D:3      | also 12 arrows left
  2755 | D:2      | Reached XP level 5. HP: 29/33 MP: 0/7
  2761 | D:2      | so, at xl 4 i had 6 MP
  2761 | D:2      | so 4 casts
  2761 | D:2      | 2 slow attempts
  2761 | D:2      | if that doesn't work (hint: it won't)
  2761 | D:2      | you still can cast corona 2 times
  2761 | D:2      | one sometimes go in
  2761 | D:2      | sometimes
  2761 | D:2      | that expends all of your MP
  2761 | D:2      | and you have to regen for i dunno, 60, 80, 100 turns? to have your MP back
  2761 | D:2      | every
  2761 | D:2      | single
  2761 | D:2      | fucking
  2761 | D:2      | yellow threat
  2761 | D:2      | fun fun fun
  2896 | D:3      | Noticed a sky beast
  2897 | D:3      | ehhhh
  2897 | D:3      | well it's obvious
  2897 | D:3      | after all i spent so long on this level right
  2897 | D:3      | an OOD spawn will surely kick in
  2897 | D:3      | i shouldn't have regenerated between fights, i guess
  2897 | D:3      | ha ha
  2897 | D:3      | i miss ogres already
  2897 | D:3      | they are so good
  2897 | D:3      | even barely surviving hobgoblings is better than this
  2897 | D:3      | *hobgoblins
  2958 | D:4      | Found a shimmering altar of Xom.
  3062 | D:4      | Found a deep blue altar of Sif Muna.
  3069 | D:4      | Found a blossoming altar of Fedhas.
  3080 | D:4      | Found a basalt altar of Yredelemnul.
  3085 | D:4      | Became a worshipper of Yredelemnul the Dark
  3086 | D:4      | at least i got the required god this time
  3086 | D:4      | (3rd attempt)
  3147 | D:4      | Reached skill level 2 in Short Blades
  3151 | D:4      | 9 arrows left
  3151 | D:4      | 4 shots, 3 arrows gone
  3151 | D:4      | ooooooooops
  3279 | D:5      | Entered Level 5 of the Dungeon
  3391 | D:5      | this is going to end so well
  3426 | D:5      | Noticed Duvessa
  3427 | D:5      | uh huh
  3516 | D:5      | Found an opulent altar of Gozag.
  3517 | D:5      | Found a sparkling altar of Nemelex Xobeh.
  3650 | D:5      | 7 arrows left
  3868 | D:5      | Reached skill level 2 in Fighting
  3868 | D:5      | Reached skill level 6 in Bows
  3906 | D:5      | Noticed an ogre
  3926 | D:5      | sadly i do no damage to him
  3926 | D:5      | my bad
  3926 | D:5      | i thought i could kill him
  3931 | D:5      | and now i have to abandon my arrows
  3963 | D:4      | Found a staircase to the Ecumenical Temple.
  3980 | D:4      | Reached XP level 6. HP: 17/39 MP: 5/8
  3988 | Temple   | Entered the Ecumenical Temple
  4207 | D:4      | Found a shadowy altar of Dithmenos.
  4208 | D:4      | Found a snail-covered altar of Cheibriados.
  4418 | D:4      | Found an ancient bone altar of Kikubaaqudgha.
  4609 | D:4      | Reached skill level 3 in Short Blades
  4626 | D:4      | Noticed a troll
  4874 | D:5      | Found a radiant altar of Vehumet.
  5013 | D:5      | Reached skill level 4 in Short Blades
  5298 | D:5      | inacc amulet
  5298 | D:5      | can i quit now
  5298 | D:5      | oh, i know
  5298 | D:5      | i'll just kill myself on this ogre
  5332 | D:5      | Mangled by an ogre

Vault maps used:
D:1:      dpeg_arrival_tiny_c, hangedman_decor_diamond_cutter,
          hangedman_decor_push
D:2:      minmay_misc_feat_room, hangedman_decor_clover_reticule
D:3:      minmay_roachtagon, lemuel_coloured_pillars_altar, uniq_grinder
D:4:      lemuel_zombie_altar_kikubaaqudgha, gammafunk_temple_overflow_statue,
          demons_altar, nicolae_overflow_quartered_altars, first_bread,
          minmay_small_thing
D:5:      grunt_temple_overflow_opulence, lemuel_crystal_altar, uniq_duvessa
Temple:   compressed_dpeg_triangle_lava_temple

Skill      XL: |  1  2  3  4  5  6 |
---------------+-------------------+-----
Bows           | 3 4 5 6 |  6.3
Stealth        | 1 2 |  2.6
Short Blades   | 1 2 4 |  4.2
Fighting       | 2 |  2.0
Dodging        | |  2.1
Spellcasting   | |  1.2
Hexes          | |  3.7

Action                   |  1- 3 |  4- 6 || total
-------------------------+-------+-------++-------
Melee: Whip              |     7 |       ||     7
       Mace              |    20 |       ||    20
       Spear             |    12 |       ||    12
       Short sword       |    19 |   175 ||   194
 Fire: Shortbow          |    64 |    86 ||   150
 Cast: Corona            |     8 |    30 ||    38
       Slow              |     6 |    19 ||    25
  Use: Potion            |     7 |       ||     7
       Scroll            |     1 |     7 ||     8
 Stab: Sleeping          |     4 |     1 ||     5
  Eat: Chunk             |     4 |     7 ||    11
       Beef jerky        |       |     1 ||     1
       Bread ration      |       |     1 ||     1
Armor: Robe              |     6 |       ||     6
       Leather armour    |       |    59 ||    59
Dodge: Dodged            |    65 |   161 ||   226
